 Dungeon Crawl Stone Soup version 0.18.1-47-g9310371 (webtiles) character file.

196077 dvd the Earth Mage (level 18, -4/111 HPs)
             Began as a Gargoyle Earth Elementalist on June 15, 2016.
             Was the Champion of Vehumet.
             Slain by a sea snake (11 damage)
             ... on level 4 of the Snake Pit.
             The game lasted 03:36:10 (37817 turns).

dvd the Earth Mage (Gargoyle Earth Elementalist)   Turns: 37817, Time: 03:36:11

Health: -4/111     AC: 29    Str: 21    XL:     18   Next: 81%
Magic:  30/47      EV: 18    Int: 33    God:    Vehumet [******]
Gold:   742        SH:  0    Dex: 16    Spells: 12 memorised, 4 levels left

rFire  + . .     SeeInvis .     X - +1 dagger of Kiudor {pierce, *Contam Int+8 Dex+5} (curse)
rCold  + . .     Gourm    .     B - +1 troll leather armour {Purgy}
rNeg   + . .     Faith    .     (no shield)
rPois  ∞         Spirit   .     (helmet restricted)
rElec  +         Dismiss  .     e - +0 cloak
rCorr  .         Reflect  .     z - +2 pair of gloves {Str+3}
SustAt .         Harm     .     m - +1 pair of boots {Stlth+}
MR     ++...                    V - amulet "Ykuve" {RegenMP rF+ MR+ MP+9}
Stlth  ++++......               U - ring "Lomut" {EV+2 Int+6}
                                o - ring of protection from cold

@: flying, slowed, constricted, very slow, very resistant to hostile
enchantments, stealthy
A: big wings, horns 1, icy blue scales 1, thin metallic scales 1, negative
energy resistance 1, robust 1, electricity resistance, strong 1, unbreathing,
petrification resistance, rot immunity, AC +13
a: Stop Flying, Renounce Religion


You were on level 4 of the Snake Pit.
You worshipped Vehumet.
Vehumet was exalted by your worship.
You were not hungry.

You visited 5 branches of the dungeon, and saw 29 of its levels.
You also visited: Sewer, Bailey and Ice Cave.

You collected 2758 gold pieces.
You spent 2016 gold pieces at shops.

Inventory:

Hand Weapons
 a - the +11 morningstar "Killer Bee's Foe" {crush, +Blink +Inv MR+ Str-2}
   (You bought it in a shop on level 2 of the Orcish Mines)

   It inflicts extra damage upon your enemies.
   It affects your strength (-2).
   It affects your resistance to hostile enchantments.
   It lets you turn invisible.
   It lets you blink.
 b - the +7 Spriggan's Knife {MR+ EV+4 Dex+4 Stlth+}
   (You found it on level 8 of the Lair of Beasts)

   It affects your evasion (+4).
   It affects your dexterity (+4).
   It affects your resistance to hostile enchantments.
   It makes you more stealthy.
 X - the cursed +1 dagger of Kiudor (weapon) {pierce, *Contam Int+8 Dex+5}
   (You found it on level 13 of the Dungeon)

   It inflicts extra damage upon your enemies.
   It affects your intelligence (+8).
   It affects your dexterity (+5).
   It causes magical contamination when unequipped.
   It has a curse placed upon it.
Armour
 e - a +0 cloak (worn)
 f - the +0 buckler "Ryots" {rF+}
   (You acquired it on level 14 of the Dungeon)

   It protects you from fire.
 m - a +1 pair of boots of stealth (worn)
 y - the +6 scale mail of the Bard {MP+9 Dex+3}
   (You found it on level 3 of the Snake Pit)

   It affects your dexterity (+3).
   It affects your magic capacity (+9).
 z - a +2 pair of gloves of strength (worn)
 B - a +1 troll leather armour (worn) {Purgy}
 E - the +0 cloak of Reason {*Confuse rF+ rCorr}
   (You found it on level 4 of the Dungeon)

   It protects you from fire.
   It protects you from acid and corrosion.
   It may confuse you when you take damage.
 F - a +2 leather armour of fire resistance
 G - the +1 leather armour "Leod" {rN++ rCorr Int-3}
   (You found it on level 5 of the Dungeon)

   It affects your intelligence (-3).
   It greatly protects you from negative energy.
   It protects you from acid and corrosion.
Jewellery
 o - a ring of protection from cold (left hand)
 u - a +4 amulet of reflection
 L - an uncursed ring of protection from magic
 O - a +4 ring of protection
 U - the ring "Lomut" (right hand) {EV+2 Int+6}
   (You bought it in a shop on level 1 of the Orcish Mines)

   [ring of evasion]

   It affects your evasion (+2).
   It affects your intelligence (+6).
 V - the amulet "Ykuve" (around neck) {RegenMP rF+ MR+ MP+9}
   (You found it on level 7 of the Lair of Beasts)

   [amulet of magic regeneration]

   It increases your magic regeneration.
   It protects you from fire.
   It affects your resistance to hostile enchantments.
   It affects your magic capacity (+9).
 Z - a +5 ring of strength
Wands
 i - a wand of acid (5/15)
 n - a wand of iceblast (8/15)
 q - a wand of hasting (4/9)
 r - a wand of lightning (12/15)
 w - a wand of iceblast (5/15)
 x - a wand of flame (36/48)
 Q - a wand of lightning (4/15)
 R - a wand of heal wounds (6/9)
Scrolls
 h - 15 scrolls of identify
 j - 5 scrolls of magic mapping
 s - 4 scrolls of amnesia
 t - 6 scrolls of teleportation
 A - 9 scrolls of remove curse
 C - 2 scrolls of enchant weapon
 H - 2 scrolls of fog
 J - 2 scrolls of recharging
 M - a scroll of summoning
Potions
 c - 2 potions of magic
 k - a potion of cure mutation
 l - 10 potions of might
 p - 2 potions of resistance
 I - 6 potions of curing
 S - 2 potions of brilliance
 T - a potion of agility
 W - 2 potions of invisibility
 Y - 2 potions of haste
Books
 v - a book of Spatial Translocations

   Spells                             Type                      Level
   a - Apportation                    Translocation                1
   b - Blink                          Translocation                2
   c - Shroud of Golubria             Charms/Translocation         2
   d - Portal Projectile              Translocation                3
   e - Teleport Other                 Translocation                3
   f - Passage of Golubria            Translocation                4
Comestibles
 d - 12 bread rations
 g - 6 meat rations
 N - 5 beef jerkies
 P - 6 slices of pizza


   Skills:
 + Level 7.2 Fighting
 + Level 2.2 Short Blades
 + Level 6.4 Maces & Flails
 + Level 6.6 Armour
 + Level 11.1 Dodging
 + Level 7.4 Stealth
 + Level 1.0 Shields
 + Level 16.0 Spellcasting
 + Level 12.5 Conjurations
 + Level 3.8 Hexes
 + Level 1.4 Charms
 + Level 2.6 Necromancy
 + Level 0.6 Translocations
   Level 0.7 Transmutations
 + Level 3.3 Ice Magic
 + Level 0.2 Air Magic
 + Level 17.0 Earth Magic
 + Level 6.7 Poison Magic
 + Level 1.3 Evocations


You had 4 spell levels left.
You knew the following spells:

 Your Spells              Type           Power        Failure   Level  Hunger
a - Throw Frost           Conj/Ice       ######       1%          2    None
b - Stone Arrow           Conj/Erth      ######       0%          3    None
c - Lee's Rapid Deconstr  Erth           #######...   1%          5    None
d - Dazzling Spray        Conj/Hex       ######       1%          3    None
e - Olgreb's Toxic Radia  Pois           ######..     1%          4    None
f - Bolt of Draining      Conj/Necr      ######....   1%          5    None
g - Iron Shot             Conj/Erth      #######...   1%          6    ##.....
h - Repel Missiles        Chrm/Air       ####..       1%          2    None
i - Blink                 Tloc           N/A          1%          2    None
j - Confuse               Hex            ######..     1%          3    None
k - Lehudib's Crystal Sp  Conj/Erth      #######...   9%          8    ######.
l - Shroud of Golubria    Chrm/Tloc      ####......   1%          2    None


Dungeon Overview and Level Annotations

Branches:
Dungeon (14/15)            Temple (1/1) D:7            Lair (8/8) D:8
  Swamp (0/4) Lair:6        Snake (4/4) Lair:6        Slime (0/6) Lair:8
    Orc (2/2) D:12            Elf (0/3) Orc:2        Vaults (0/5) D:13

Altars:
Ashenzari
Cheibriados
Dithmenos
Elyvilon
Fedhas
Gozag
Kikubaaqudgha
Makhleb
Nemelex Xobeh
Okawaru
Pakellas
Qazlal
Ru
Sif Muna
Trog
Vehumet
Xom
Yredelemnul
Zin
The Shining One
Beogh

Shops:
D:4 [   D:5 (   D:6 }   Orc:1 =   Orc:2 [:*(?   Snake:1 :*!=

Portals:
Hell: Lair:8
Trove: D:12 (show slimy rune of Zot)


Innate Abilities, Weirdness & Mutations

You are resistant to torment.
Your stone body is resilient (AC +13).
You are immune to poison.
Your large and strong wings let you fly indefinitely.
You resist negative energy.
You are resistant to electric shocks.
You can survive without breathing.
You are immune to petrification.
You are immune to rotting.
You have a pair of small horns on your head.
You are partially covered in icy blue scales (AC +1).
You are partially covered in thin metallic scales (AC +2).
You are robust (+10% HP).
Your muscles are strong. (Str +2)


Message History

* * * LOW HITPOINT WARNING * * *
x2 The greater naga constricts you.
The sea snake moves out of view.
The naga sharpshooter shoots a bolt.
The bolt hits you!
* * * LOW HITPOINT WARNING * * *
You hear a splash.
The anaconda bites you but does no damage.
The naga warrior spits poison at you. The splash of poison misses you.
The splash of poison hits the anaconda.
The anaconda is poisoned.
The greater naga barely misses you. The greater naga constricts you.
The sea snake bites you but does no damage.
The sea snake bites you!
* * * LOW HITPOINT WARNING * * *
The naga misses you. The naga hits you but does no damage.
The anaconda bites you but does no damage.
The naga warrior hits you but does no damage.
The greater naga hits you but does no damage.
* * * LOW HITPOINT WARNING * * *
The greater naga constricts you. The sea snake bites you!
You die...

#########
##.≈≈≈≈≈.####
....≈≈≈.....##
≈≈≈...NNN≈≈..#
≈≈≈≈.SN@SSN.≈###
≈≈≈≈.NSNS≈N.≈≈≈###
≈N≈≈≈.N≈≈N≈.≈≈...##
.≈≈≈≈.≈≈≈≈........#
.≈N≈≈.≈N≈≈.≈≈≈#
...........≈≈##
≈≈≈#####≈≈≈≈≈# ≈≈#
##≈≈≈≈# ##≈###


You could see 2 naga warriors, a greater naga, a naga sharpshooter, 4 sea
snakes, an anaconda and 9 nagas.

Vanquished Creatures
  Vashnia (Snake:2)
  Jorgrun (Snake:3)
  Kirke (Lair:8)
  2 greater nagas (Snake:3)
  3 orc warlords
  A salamander stormcaller (Snake:4)
  A dire elephant (Lair:8)
  An ettin (Orc:1)
  A vault guard (D:13)
  10 hydras
  15 naga warriors
  5 centaur warriors
  The ghost of dvd the Pandemonic, a journeyman DsGl of Makhleb (D:10)
  3 catoblepae
  10 anacondas
  A tengu warrior (D:13)
  8 shock serpents
  16 naga sharpshooters
  A sun demon (Lair:8)
  2 orc high priests
  2 fire crabs (Lair:8)
  5 skeletal warriors (D:13)
  A sea snake (Snake:4)
  2 salamander mystics
  A wizard (Lair:8)
  6 unseen horrors
  6 naga ritualists
  6 hill giants
  8 mana vipers
  7 orc knights
  8 orc sorcerers
  6 oklob plants (Lair:2)
  15 salamanders
  4 cyclopes
  A sixfirhy (Lair:8)
  4 deep elf magi
  3 ugly things (D:14)
  7 guardian serpents
  Joseph (D:9)
  11 elephants
  4 centaur zombies
  2 ice statues (IceCv)
  17 naga magi
  The ghost of Gagarin the Sneak, a novice VSAs of Sif Muna (D:7)
  14 spiny frogs
  34 black mambas
  5 orange demons (Lair:8)
  3 gargoyles
  A smoke demon (Lair:8)
  5 rime drakes
  A kobold demonologist (D:14)
  6 komodo dragons
  4 yaktaurs (D:13)
  3 ice devils
  8 trolls
  A polar bear (Lair:8)
  17 blink frogs
  3 snapping turtles (D:11)
  11 slime creatures
  A centaur simulacrum (D:14)
  A wyvern (Lair:5)
  A human (D:8)
  2 wraiths
  59 yaks
  3 basilisks
  5 vampire mosquitoes
  10 hippogriffs
  Menkaure (D:7)
  A mottled dragon (D:11)
  34 nagas
  11 wargs
  8 swamp worms (Lair:8)
  10 water moccasins
  A hell hound (Lair:8)
  8 porcupines
  Purgy (Sewer)
  2 black bears
  18 ice beasts
  51 orc warriors
  10 sky beasts
  2 eyes of draining
  17 wolves
  14 ogres
  9 centaurs
  15 crocodiles
  Blork the orc (Orc:2)
  4 big kobolds
  24 giant frogs
  3 gnoll sergeants
  3 scorpions
  12 killer bees
  12 wights
  An electric eel (Lair:7)
  2 howler monkeys
  A lava snake (Snake:4)
  3 crimson imps
  A quasit (D:14)
  A wyvern simulacrum (D:14)
  2 giant frog zombies
  2 giant frog skeletons
  5 hounds
  23 orc priests
  A gnoll shaman (D:7)
  12 jellies
  5 centaur skeletons
  7 iguanas
  Jessica (D:3)
  Terence (D:3)
  37 orc wizards
  11 worker ants
  21 sheep
  A worker ant zombie (D:9)
  17 adders
  30 gnolls
  48 river rats
  An ooze (Lair:8)
  An adder zombie (D:7)
  12 worms
  An adder skeleton (D:6)
  2 dart slugs
  11 giant geckos
  142 orcs
  A ball python (D:2)
  8 bats
  10 giant cockroaches
  12 goblins
  7 hobgoblins
  10 jackals
  42 kobolds
  3 quokkas
  2 giant newts
  8 rats
  7 plants
1195 creatures vanquished.

Vanquished Creatures (others)
  An unseen horror (D:13)
  A yak (Lair:8)
  3 humans (Lair:8)
  A water moccasin (Lair:8)
  2 jellies (Lair:8)
  An orc priest (Orc:2)
  An orc wizard (Orc:1)
  An orc (Orc:1)
  34 fungi
  12 plants
57 creatures vanquished.

Grand Total: 1252 creatures vanquished

Notes
Turn   | Place    | Note
--------------------------------------------------------------
     0 | D:1      | dvd the Gargoyle Earth Elementalist began the quest for the Orb.
     0 | D:1      | Reached XP level 1. HP: 10/10 MP: 3/3
     8 | D:1      | Noticed a minotaur skeleton
   127 | D:1      | Reached skill level 4 in Earth Magic
   140 | D:1      | Reached XP level 2. HP: 12/15 MP: 0/5
   991 | D:1      | Reached XP level 3. HP: 12/19 MP: 6/6
   999 | D:1      | Learned a level 3 spell: Stone Arrow
  1679 | D:2      | Reached XP level 4. HP: 24/24 MP: 1/7
  1734 | D:2      | Found a faded altar to an unknown god.
  2193 | D:3      | Noticed Terence
  2206 | D:3      | Reached skill level 5 in Earth Magic
  2491 | D:3      | Killed Terence
  2491 | D:3      | Reached XP level 5. HP: 19/28 MP: 1/9
  2518 | D:3      | Noticed Jessica
  2520 | D:3      | Killed Jessica
  3060 | D:3      | Reached XP level 6. HP: 17/32 MP: 1/11
  3296 | D:3      | Found a burning altar of Makhleb.
  3297 | D:3      | Found a radiant altar of Vehumet.
  3342 | D:3      | Became a worshipper of Vehumet
  3562 | D:3      | Reached skill level 1 in Maces & Flails
  3924 | D:4      | Found Cuhoz's Armour Emporium.
  3977 | D:4      | Found a glowing drain.
  4083 | Sewer    | Entered a sewer
  4145 | Sewer    | Noticed Purgy
  4154 | Sewer    | Killed Purgy
  4401 | D:4      | Learned a level 5 spell: Lee's Rapid Deconstruction
  4435 | D:4      | Reached XP level 7. HP: 37/37 MP: 12/12
  4562 | D:4      | Reached skill level 1 in Conjurations
  4562 | D:4      | Reached skill level 6 in Earth Magic
  4801 | D:4      | Reached * piety under Vehumet
  4801 | D:4      | Offered knowledge of Freeze by Vehumet.
  4953 | D:4      | Got a dazzling cloak
  4959 | D:4      | Identified the +0 cloak of Reason {*Confuse rF+ rCorr} (You found it on level 4 of the Dungeon)
  5156 | D:5      | Entered Level 5 of the Dungeon
  5157 | D:5      | Found Kodoin's Weapon Boutique.
  5159 | D:5      | Got a crude leather armour
  5183 | D:5      | Identified the +1 leather armour "Leod" {rN++ rCorr Int-3} (You found it on level 5 of the Dungeon)
  5903 | D:5      | Gained mutation: You are partially covered in thin metallic scales (AC +2). [potion of mutation]
  5903 | D:5      | Gained mutation: You have a pair of small horns on your head. [potion of mutation]
  5903 | D:5      | Gained mutation: Your magical capacity is low (-10% MP). [potion of mutation]
  6027 | D:6      | Found Son Tikecve's Gadget Emporium.
  6436 | D:6      | Reached skill level 1 in Fighting
  6436 | D:6      | Reached XP level 8. HP: 40/43 MP: 5/13
  6468 | D:6      | Reached skill level 5 in Spellcasting
  6705 | D:6      | Reached skill level 1 in Armour
  6836 | D:6      | Reached skill level 7 in Earth Magic
  6932 | D:6      | Offered knowledge of Magic Dart by Vehumet.
  7186 | D:7      | Reached ** piety under Vehumet
  7286 | D:7      | Found a staircase to the Ecumenical Temple.
  7326 | Temple   | Entered the Ecumenical Temple
  7461 | D:7      | Reached XP level 9. HP: 46/48 MP: 15/15
  7512 | D:7      | Noticed Menkaure
  7554 | D:7      | Reached skill level 5 in Dodging
  7833 | D:7      | Identified a scroll of acquirement
  7931 | D:7      | Killed Menkaure
  7949 | D:7      | Noticed Gagarin's ghost (novice VSAs)
  8712 | D:8      | Found a staircase to the Lair.
  8733 | D:8      | Reached skill level 8 in Earth Magic
  8792 | D:8      | Offered knowledge of Throw Frost by Vehumet.
  8798 | D:8      | Learned a level 2 spell: Throw Frost
  9193 | D:8      | Reached skill level 5 in Conjurations
  9315 | D:8      | Reached XP level 10. HP: 56/56 MP: 12/17
  9316 | D:8      | Reached *** piety under Vehumet
  9627 | Lair:1   | Entered Level 1 of the Lair of Beasts
  9722 | Lair:1   | Noticed a black mamba
  9730 | Lair:1   | Killed a black mamba
  9736 | Lair:1   | Noticed a six-headed hydra
 10167 | Lair:1   | Killed a six-headed hydra
 10232 | Lair:1   | Noticed a spiny frog
 10241 | Lair:1   | Killed a spiny frog
 10386 | Lair:1   | Reached skill level 9 in Earth Magic
 10460 | Lair:1   | Reached XP level 11. HP: 52/61 MP: 6/19
 10655 | Lair:1   | Offered knowledge of Dazzling Spray by Vehumet.
 10663 | Lair:1   | Learned a level 3 spell: Dazzling Spray
 11175 | Lair:2   | Reached **** piety under Vehumet
 11202 | Lair:2   | Noticed a five-headed hydra
 11233 | Lair:2   | Killed a five-headed hydra
 11341 | Lair:2   | Noticed an oklob plant
 11563 | Lair:1   | Offered knowledge of Inner Flame by Vehumet.
 11565 | Lair:1   | Reached skill level 10 in Earth Magic
 11708 | D:6      | Bought a wand of heal wounds (2/9) for 396 gold pieces
 11973 | Lair:2   | Noticed an eight-headed hydra
 12327 | Lair:1   | Killed an eight-headed hydra
 12551 | Lair:2   | Reached skill level 1 in Ice Magic
 12663 | Lair:2   | Noticed a five-headed hydra
 12670 | Lair:2   | Killed a five-headed hydra
 13497 | Lair:2   | Killed an oklob plant
 13497 | Lair:2   | Reached XP level 12. HP: 62/68 MP: 12/22
 13757 | Lair:2   | Reached skill level 5 in Fighting
 14826 | Lair:3   | Reached skill level 11 in Earth Magic
 15007 | Lair:3   | Noticed a five-headed hydra
 15016 | Lair:3   | Killed a five-headed hydra
 15016 | Lair:3   | Reached skill level 5 in Stealth
 15016 | Lair:3   | Reached skill level 1 in Hexes
 15555 | Lair:4   | Noticed a four-headed hydra
 15563 | Lair:4   | Reached ***** piety under Vehumet
 15563 | Lair:4   | Offered knowledge of Olgreb's Toxic Radiance by Vehumet.
 15629 | Lair:4   | Killed a four-headed hydra
 16074 | Lair:4   | Learned a level 4 spell: Olgreb's Toxic Radiance
 16480 | Lair:4   | Reached skill level 1 in Poison Magic
 16484 | Lair:4   | Reached skill level 5 in Armour
 16878 | Lair:5   | Reached XP level 13. HP: 54/72 MP: 15/24
 17063 | Lair:5   | Reached skill level 10 in Spellcasting
 17530 | Lair:6   | Reached skill level 5 in Maces & Flails
 17667 | Lair:6   | Found a staircase to the Swamp.
 17776 | Lair:6   | Offered knowledge of Airstrike by Vehumet.
 17838 | Lair:6   | Found a staircase to the Snake Pit.
 18833 | Lair:7   | Found a frozen archway.
 18906 | Lair:7   | Reached skill level 12 in Earth Magic
 18931 | IceCv    | Entered an ice cave
 19213 | Lair:7   | Got a transparent graven amulet
 19214 | Lair:7   | Identified the amulet "Ykuve" {RegenMP rF+ MR+ MP+9} (You found it on level 7 of the Lair of Beasts)
 19397 | Lair:7   | Reached skill level 1 in Evocations
 19817 | Lair:7   | Learned a level 5 spell: Bolt of Draining
 20060 | Lair:8   | Entered Level 8 of the Lair of Beasts
 20162 | Lair:8   | Gained mutation: Your large and strong wings let you fly indefinitely. [Gargoyle growth]
 20162 | Lair:8   | Reached XP level 14. HP: 74/79 MP: 19/26
 20390 | Lair:8   | Found a stormy altar of Qazlal.
 20607 | Lair:8   | Offered knowledge of Delayed Fireball by Vehumet.
 20615 | Lair:8   | Noticed Kirke
 20631 | Lair:8   | Killed Kirke
 21124 | Lair:8   | Found a staircase to the Slime Pits.
 21304 | Lair:8   | Reached skill level 13 in Earth Magic
 21458 | Lair:8   | Noticed a dire elephant
 21506 | Lair:8   | Killed a dire elephant
 21506 | Lair:8   | Reached skill level 10 in Conjurations
 21918 | Lair:8   | Found a burning altar of Makhleb.
 21923 | Lair:8   | Found a gateway to Hell.
 21931 | Lair:8   | Got a pair of steaming gloves
 21972 | Lair:8   | Identified the +0 pair of gloves of Supple Strength {-Cast rC+ MR++ Str+3} (You found it on level 8 of the Lair of Beasts)
 22155 | Lair:6   | Gained mutation: Your muscles are strong. (Str +2) [potion of mutation]
 22155 | Lair:6   | Gained mutation: You have a pair of horns on your head. [potion of mutation]
 22515 | D:9      | Offered knowledge of Freezing Cloud by Vehumet.
 22803 | D:9      | Lost mutation: Your magical capacity is low (-10% MP). [potion of mutation]
 22803 | D:9      | Lost mutation: You have a pair of horns on your head. [potion of mutation]
 22803 | D:9      | Gained mutation: You are partially covered in icy blue scales (AC +1). [potion of mutation]
 23047 | D:9      | Noticed Joseph
 23052 | D:9      | Killed Joseph
 23580 | D:10     | Entered Level 10 of the Dungeon
 23634 | D:10     | Found a flagged portal.
 23646 | Bailey   | Entered a bailey
 23651 | Bailey   | Noticed an orc warlord
 23716 | Bailey   | Found a runed gate.
 23716 | Bailey   | Found a runed gate.
 23748 | Bailey   | Found a runed gate.
 23913 | Bailey   | Killed an orc warlord
 23913 | Bailey   | Reached skill level 10 in Dodging
 24070 | Bailey   | Gained mutation: You are robust (+10% HP). [potion of beneficial mutation]
 24087 | Bailey   | Reached skill level 1 in Short Blades
 24087 | Bailey   | Reached skill level 1 in Necromancy
 24087 | Bailey   | Reached XP level 15. HP: 93/93 MP: 31/31
 24480 | D:10     | Noticed dvd's ghost (journeyman DsGl)
 24521 | D:10     | Killed dvd's ghost
 25290 | D:11     | Reached XP level 16. HP: 99/99 MP: 32/32
 25663 | D:11     | Offered knowledge of Spellforged Servitor by Vehumet.
 26322 | D:12     | Found a staircase to the Orcish Mines.
 26586 | D:12     | Found a portal to a secret trove of treasure.
 27123 | Orc:1    | Entered Level 1 of the Orcish Mines
 27223 | Orc:1    | Found Pinanum's Jewellery Shop.
 27226 | Orc:1    | Bought the ring "Lomut" {EV+2 Int+6} for 473 gold pieces
 27279 | Orc:2    | Entered Level 2 of the Orcish Mines
 27322 | Orc:2    | Found Seaniz's Magic Scroll Boutique.
 27347 | Orc:2    | Reached skill level 5 in Poison Magic
 27709 | Orc:1    | Reached ****** piety under Vehumet
 27719 | Orc:1    | Paralysed by an orc sorcerer for 2 turns
 27943 | Orc:1    | Found a roughly hewn altar of Beogh.
 28292 | Orc:2    | Found a staircase to the Elven Halls.
 28471 | Orc:2    | Offered knowledge of Iron Shot by Vehumet.
 28501 | Orc:2    | Learned a level 6 spell: Iron Shot
 28570 | Orc:2    | Noticed Blork the orc
 28577 | Orc:2    | Killed Blork the orc
 28585 | Orc:2    | Found a roughly hewn altar of Beogh.
 28764 | Orc:2    | Found Widwat's Book Emporium.
 28797 | Orc:2    | Found Washiat's Antique Weapon Emporium.
 28805 | Orc:2    | Bought a scorched morningstar for 252 gold pieces
 28805 | Orc:2    | Identified the +11 morningstar "Killer Bee's Foe" {crush, +Blink +Inv MR+ Str-2} (You bought it in a shop on level 2 of the Orcish Mines)
 28839 | Orc:2    | Bought a book of Minor Magic for 240 gold pieces
 28842 | Orc:2    | Learned a level 2 spell: Repel Missiles
 28845 | Orc:2    | Learned a level 2 spell: Blink
 28918 | Orc:2    | Found Foteid's General Store.
 29161 | Orc:2    | Found Suuwett's Antique Armour Emporium.
 29859 | D:13     | Reached skill level 14 in Earth Magic
 29902 | D:13     | Learned a level 3 spell: Confuse
 29915 | D:13     | Found a gate to the Vaults.
 29930 | D:13     | Got a pitted dagger
 29931 | D:13     | Identified the cursed +1 dagger of Kiudor {pierce, *Contam Int+8 Dex+5} (You found it on level 13 of the Dungeon)
 30155 | D:13     | Offered knowledge of Bolt of Cold by Vehumet.
 30168 | D:13     | Reached XP level 17. HP: 104/104 MP: 6/35
 30691 | D:14     | Got a scorched buckler
 30697 | D:14     | Identified the +0 buckler "Ryots" {rF+} (You acquired it on level 14 of the Dungeon)
 30783 | D:14     | Found an opulent altar of Gozag.
 31265 | D:14     | Offered knowledge of Lehudib's Crystal Spear by Vehumet.
 31265 | D:14     | Offered knowledge of Shatter by Vehumet.
 31265 | D:14     | Offered knowledge of Tornado by Vehumet.
 31275 | D:14     | Learned a level 8 spell: Lehudib's Crystal Spear
 31873 | Snake:1  | Entered Level 1 of the Snake Pit
 32085 | Snake:1  | Found Toogontobu's Jewellery Shop.
 32464 | Snake:1  | Found Jodiets's Distillery.
 32471 | Snake:1  | Found Kourant's General Store.
 32575 | Snake:1  | Found Suapsex's Book Shoppe.
 33318 | Lair:5   | Reached skill level 15 in Earth Magic
 33497 | D:7      | Killed Gagarin's ghost
 33529 | D:6      | Bought a wand of hasting (4/9) for 528 gold pieces
 33745 | Orc:2    | Bought a scroll of enchant armour for 127 gold pieces
 34031 | Snake:2  | Noticed Vashnia
 34822 | Snake:2  | Reached skill level 15 in Spellcasting
 34838 | Snake:2  | Killed Vashnia
 34838 | Snake:2  | Reached skill level 1 in Charms
 35049 | Snake:2  | Learned a level 2 spell: Shroud of Golubria
 35150 | Snake:3  | Noticed Jorgrun
 35154 | Snake:3  | Killed Jorgrun
 35154 | Snake:3  | Reached XP level 18. HP: 111/111 MP: 25/37
 35396 | Snake:3  | Reached skill level 16 in Earth Magic
 35723 | Snake:3  | Reached skill level 1 in Shields
 36777 | Snake:3  | Got a bloodstained scale mail
 36788 | Snake:3  | Identified the +6 scale mail of the Bard {MP+9 Dex+3} (You found it on level 3 of the Snake Pit)
 37381 | Snake:4  | Entered Level 4 of the Snake Pit
 37658 | Snake:4  | Reached skill level 17 in Earth Magic
 37817 | Snake:4  | Slain by a sea snake

Skill      XL: |  1  2  3  4  5  6  7  8  9 10 11 12 13 14 15 16 17 18 |
---------------+-------------------------------------------------------+-----
Earth Magic    | 4 5 6 7 8 9 10 11 12 13 14 15 17 | 17.0
Spellcasting   | 3 4 5 6 7 8 9 11 12 14 15 16 | 16.0
Dodging        | 2 3 4 5 6 8 9 10 11 | 11.1
Maces & Flails | 1 2 3 4 5 6 |  6.4
Stealth        | 3 4 5 6 7 |  7.4
Conjurations   | 1 3 5 6 7 8 9 10 11 12 | 12.5
Fighting       | 1 2 3 4 5 6 7 |  7.2
Armour         | 2 3 4 5 6 |  6.6
Ice Magic      | 1 2 3 |  3.3
Hexes          | 1 2 3 |  3.8
Poison Magic   | 1 3 4 6 |  6.7
Evocations     | 1 |  1.3
Short Blades   | 1 2 |  2.2
Necromancy     | 1 2 |  2.6
Charms         | 1 |  1.4
Shields        | 1 |  1.0
Translocations | |  0.6
Transmutations | |  0.7
Air Magic      | |  0.2

Action                   |  1- 3 |  4- 6 |  7- 9 | 10-12 | 13-15 | 16-18 || total
-------------------------+-------+-------+-------+-------+-------+-------++-------
Melee: Whip              |    31 |   165 |   306 |   562 |   367 |    87 ||  1518
       Headbutt          |       |       |    32 |   123 |   135 |   132 ||   422
       Knife             |       |       |       |       |   163 |    82 ||   245
       Morningstar       |       |       |       |       |       |    41 ||    41
       Dagger            |       |       |       |       |       |   266 ||   266
 Cast: Sandblast         |    34 |    23 |    10 |       |       |       ||    67
       Stone Arrow       |     5 |    22 |   102 |   226 |   336 |   410 ||  1101
       Lee's Rapid Decon |       |       |     5 |    26 |    34 |   169 ||   234
       Throw Frost       |       |       |       |    40 |    35 |    23 ||    98
       Dazzling Spray    |       |       |       |    33 |    16 |    33 ||    82
       Olgreb's Toxic Ra |       |       |       |       |    68 |    77 ||   145
       Bolt of Draining  |       |       |       |       |    15 |    59 ||    74
       Iron Shot         |       |       |       |       |       |    94 ||    94
       Repel Missiles    |       |       |       |       |       |    13 ||    13
       Confuse           |       |       |       |       |       |    23 ||    23
       Shroud of Golubri |       |       |       |       |       |     7 ||     7
       Blink             |       |       |       |       |       |     5 ||     5
 Abil: Fly               |       |       |       |       |     1 |       ||     1
Evoke: Wand              |       |       |       |     9 |     5 |     5 ||    19
  Use: Scroll            |       |     8 |     8 |     5 |    20 |    16 ||    57
       Potion            |       |       |    13 |     4 |    12 |     1 ||    30
 Stab: Sleeping          |     1 |     6 |     2 |       |     8 |    16 ||    33
       Invisible         |       |       |       |    10 |     5 |     4 ||    19
       Petrified         |       |       |       |       |       |     1 ||     1
       Confused          |       |       |       |       |       |     9 ||     9
  Eat: Chunk             |     4 |    11 |    12 |    24 |    39 |    31 ||   121
       Meat ration       |       |       |     2 |     1 |       |     3 ||     6
       Fruit             |       |       |     1 |     2 |       |       ||     3
       Pizza             |       |       |       |     2 |       |     1 ||     3
       Beef jerky        |       |       |       |     1 |     1 |     2 ||     4
       Royal jelly       |       |       |       |       |     1 |       ||     1
       Bread ration      |       |       |       |       |       |     1 ||     1
Armor: Robe              |    28 |    65 |     3 |       |       |       ||    96
       Troll leather arm |       |       |   146 |   313 |   313 |   420 ||  1192
       Troll hide        |       |       |     3 |       |       |       ||     3
       Skin              |       |       |       |       |       |    12 ||    12
Dodge: Dodged            |    40 |   110 |   275 |   516 |   725 |   844 ||  2510
       Deflected         |       |       |       |       |       |    61 ||    61
Block: Buckler           |       |       |       |       |       |    19 ||    19
